[Event "Titled Tuesday Blitz August 15 Early 2023"]
[White "Santos Flores, Alberto"]
[Black "Zampronha, Wladimir Camilo"]
[WhiteFideId "3601234"]
[BlackFideId "2103087"]
[WhiteElo "2553"]
[BlackElo "2234"]
[Result "1/2-1/2"]
[Round "1"]
[TimeControl "180+1"]
[Date "2023.08.15"]
[WhiteClock "0:00:05"]
[BlackClock "0:00:11"]
[Board "188"]

1. e4 c5 2. Nf3 e6 3. g3 d5 4. exd5 exd5 5. d4 Nc6 6. Bg2 Bg4 7. c3 cxd4 8. cxd4 Nf6 9. O-O Be7 10. Nc3 O-O 11. Be3 Ne4 12. Qb3 Na5 13. Qa4 a6 14. Ne5 Nxc3 15. bxc3 b5 16. Qc2 Be6 17. a4 Qb6 18. Rfb1 Rfc8 19. axb5 axb5 20. Qb2 Rab8 21. Bf1 f6 22. Nd3 Nc4 23. Qe2 Qc6 24. Bg2 Bf8 25. Bf4 Ra8 26. Rxa8 Rxa8 27. Nb4 Qd7 28. Nd3 Ra3 29. Qe1 Bf7 30. Ra1 g5 31. Rxa3 Bxa3 32. Be3 Qf5 33. Nb4 Bxb4 34. cxb4 Qc2 35. h4 h6 36. hxg5 hxg5 37. Bf3 Kg7 38. Qd1 Nxe3 39. fxe3 Qc3 40. Kf2 Qxb4 41. Qc2 Qd6 42. Qc8 b4 43. Qb7 Kg6 44. Be2 Be6 45. Bf3 f5 46. Be2 f4 47. Bd3+ Kf6 48. exf4 gxf4 49. Qh7 fxg3+ 50. Kf3 Qd7 51. Qg6+ Ke7 52. Kxg3 Kd8 53. Qf6+ Qe7 54. Qe5 Qd7 55. Qf6+ Kc7 56. Kf2 b3 57. Ke3 Qf7 58. Qxf7+ Bxf7 59. Kd2 Bh5 60. Kc3 Bd1 61. Bg6 Kd6 62. Bf7 Kc6 63. Bg8 Bc2 64. Bf7 Bd1 65. Bg8 Kd6 66. Bf7 Bc2 67. Bg8 Bd1 68. Bf7 1/2-1/2


[Site "https://www.chess.com"]

[Event "Titled Tuesday Blitz August 15 Early 2023"]
[White "bteillet"]
[Black "Shapiro, Viktor"]
[BlackFideId "4175700"]
[WhiteElo "2234"]
[BlackElo "2552"]
[Result "0-1"]
[Round "1"]
[TimeControl "180+1"]
[Date "2023.08.15"]
[WhiteClock "0:01:01"]
[BlackClock "0:01:21"]
[Board "189"]

1. b4 e6 2. Bb2 Nf6 3. b5 a6 4. c4 axb5 5. cxb5 c5 6. e3 b6 7. Nf3 Bb7 8. Be2 d5 9. d3 Nbd7 10. O-O Bd6 11. a4 O-O 12. Nbd2 e5 13. Qb3 Qe7 14. h3 Rfe8 15. Rfe1 e4 16. dxe4 dxe4 17. Nh2 Be5 18. Bc4 Bxb2 19. Qxb2 Ne5 20. Red1 Nh5 21. Bb3 Qg5 22. Ndf1 Nd3 23. Qe2 Bc8 24. Kh1 Nf6 25. Bc4 Bb7 26. Ng3 h5 27. Bxd3 exd3 28. Rxd3 h4 29. f4 Qxg3 30. Rf1 Rxa4 31. Nf3 Rxf4 32. e4 Rfxe4 33. Qd2 Re2 0-1


[Site "https://www.chess.com"]

[Event "Titled Tuesday Blitz August 15 Early 2023"]
[White "Ismayil, Malak"]
[Black "Luxama, Jacques Muller"]
[WhiteFideId "13412604"]
[BlackFideId "11900113"]
[WhiteElo "2552"]
[BlackElo "2234"]
[Result "1-0"]
[Round "1"]
[TimeControl "180+1"]
[Date "2023.08.15"]
[WhiteClock "0:00:36"]
[BlackClock "0:00:29"]
[Board "190"]

1. e4 e6 2. d4 d5 3. Nd2 dxe4 4. Nxe4 Nd7 5. Nf3 Ngf6 6. Bg5 Be7 7. Nxf6+ Bxf6 8. Bxf6 Nxf6 9. Bd3 O-O 10. O-O b6 11. Qe2 Bb7 12. c3 Rc8 13. Rad1 Qe7 14. h3 h6 15. Rfe1 c5 16. Bb1 cxd4 17. Nxd4 Rfd8 18. Qe3 Nd5 19. Qd3 Nf6 20. Qg3 Rc5 21. b4 Rg5 22. Qf4 Rxg2+ 23. Kf1 Rg5 24. Nf3 Ba6+ 25. c4 Rc8 26. b5 Bb7 27. Nxg5 hxg5 28. Qd4 Qa3 29. Rd3 Qb4 30. a3 Qf8 31. Rg3 Rd8 32. Qe5 Nd7 33. Qxg5 Rc8 34. Qh5 Nf6 35. Qh4 Qe7 36. Kg1 Kf8 37. Qh8+ Ng8 38. Qxg7+ Ke8 39. Qxg8+ Kd7 40. Rd1+ Kc7 41. Qg5 1-0


[Site "https://www.chess.com"]

[Event "Titled Tuesday Blitz August 15 Early 2023"]
[White "Sarkar, Justin"]
[Black "Haszon, David"]
[WhiteFideId "2010011"]
[BlackFideId "733610"]
[WhiteElo "2229"]
[BlackElo "2551"]
[Result "1-0"]
[Round "1"]
[TimeControl "180+1"]
[Date "2023.08.15"]
[WhiteClock "0:00:05"]
[BlackClock "0:00:05"]
[Board "191"]

1. d4 Nf6 2. c4 c5 3. d5 e6 4. Nc3 exd5 5. cxd5 d6 6. Nf3 g6 7. Nd2 Bg7 8. e4 O-O 9. Be2 a6 10. a4 Nbd7 11. Nc4 Ne8 12. O-O Ne5 13. Ne3 f5 14. f4 Nd7 15. exf5 gxf5 16. Bd3 Bd4 17. Kh1 Ng7 18. Qc2 Qf6 19. Ne2 b6 20. Nxd4 cxd4 21. Qc6 Rb8 22. Nc4 Ne8 23. Re1 Kh8 24. Bd2 b5 25. axb5 axb5 26. Na5 Qd8 27. b4 Rb6 28. Qc2 Rb8 29. Qb2 Qc7 30. Qxd4+ Ndf6 31. Bc3 Qg7 32. Rxe8 Rxe8 33. Qxf6 Qxf6 34. Bxf6+ Kg8 35. Nc6 Rb7 36. Kg1 Rbe7 37. Kf2 Re3 38. Rd1 Bb7 39. Bd4 Bxc6 40. Bxe3 Bxd5 41. Bxb5 Bxg2 42. Bxe8 Be4 43. Bd7 Kf8 44. b5 Bg2 45. Bc6 Bf3 46. Bxf3 Ke7 47. b6 Kd7 48. b7 Kc7 49. b8=Q+ Kxb8 50. Rxd6 Kc7 51. Bc5 Kc8 52. Rh6 Kc7 53. Rxh7+ Kc8 54. Rf7 1-0


[Site "https://www.chess.com"]

[Event "Titled Tuesday Blitz August 15 Early 2023"]
[White "Hajiyev, Kanan"]
[Black "Pax-Pramana"]
[WhiteFideId "13404148"]
[WhiteElo "2550"]
[BlackElo "2228"]
[Result "0-1"]
[Round "1"]
[TimeControl "180+1"]
[Date "2023.08.15"]
[WhiteClock "0:00:04"]
[BlackClock "0:00:23"]
[Board "192"]

1. d4 Nf6 2. c4 e6 3. Nf3 Bb4+ 4. Bd2 Qe7 5. e3 O-O 6. Bd3 b6 7. O-O Bb7 8. a3 Bxd2 9. Nbxd2 d6 10. Qc2 Nbd7 11. b4 c5 12. Rad1 a5 13. dxc5 dxc5 14. b5 Rad8 15. Ne4 e5 16. Nc3 Bxf3 17. gxf3 Qe6 18. Kg2 Rfe8 19. Ne2 g6 20. Ng3 Nf8 21. Be4 Nxe4 22. fxe4 Nd7 23. Rd3 Nf6 24. Rfd1 Rxd3 25. Qxd3 h5 26. h3 h4 27. Ne2 Nh7 28. Qd7 Ng5 29. Qxe6 Rxe6 30. f3 f5 31. exf5 gxf5 32. Nc3 e4 33. f4 Nf3 34. Rd5 Rg6+ 35. Kf2 Ng1 36. Rxf5 Nxh3+ 37. Ke2 Ng1+ 38. Ke1 h3 39. Nxe4 h2 40. Rh5 Kg7 41. Kf2 Rh6 42. Rxh6 Kxh6 43. Kg2 Nf3 44. Nf2 Ne1+ 45. Kxh2 Nc2 46. e4 Nxa3 47. e5 Nxc4 48. e6 Kg6 49. f5+ Kxf5 50. e7 Nd6 51. Kg3 Ke6 52. Ne4 Kxe7 53. Nc3 Ke6 54. Kf4 Kf6 55. Na4 Nxb5 56. Nxb6 Nc3 57. Nc4 a4 58. Ke3 a3 59. Kd3 Nb5 60. Kc2 Ke6 61. Kb3 Kd5 62. Nxa3 Nxa3 63. Kxa3 Kc4 64. Kb2 Kd3 65. Kc1 Kc3 66. Kd1 Kb2 67. Kd2 c4 68. Ke3 c3 69. Kd3 c2 70. Kd4 c1=Q 0-1


[Site "https://www.chess.com"]

[Event "Titled Tuesday Blitz August 15 Early 2023"]
[White "Vaglio Munoz, Jaime"]
[Black "Fieberg, Samuel"]
[WhiteFideId "6500145"]
[BlackFideId "12901717"]
[WhiteElo "2227"]
[BlackElo "2550"]
[Result "0-1"]
[Round "1"]
[TimeControl "180+1"]
[Date "2023.08.15"]
[WhiteClock "0:00:19"]
[BlackClock "0:00:12"]
[Board "193"]

1. Nf3 d5 2. c4 e6 3. b3 c5 4. Bb2 Nc6 5. cxd5 exd5 6. g3 Nf6 7. Bg2 Be7 8. O-O O-O 9. d4 Bg4 10. Nbd2 Qb6 11. Rc1 cxd4 12. h3 Bh5 13. a3 Rad8 14. b4 Ne4 15. Nb3 Bf6 16. g4 Bg6 17. Nfxd4 Rfe8 18. e3 Ne5 19. Nc5 Nxc5 20. Rxc5 Nc4 21. Bc1 Be4 22. Bxe4 Rxe4 23. Nf5 Qe6 24. a4 b6 25. Rxc4 Rxc4 26. Bd2 g6 27. Ng3 d4 28. e4 d3 29. f4 Bd4+ 30. Kg2 Rc2 31. Kf3 Bc3 32. Rf2 Bxd2 33. Rxd2 Qa2 34. Rxd3 Rxd3+ 35. Qxd3 Rc8 36. e5 Qb2 37. Ne4 Qh2 38. Nf6+ Kg7 39. Ke4 Qg2+ 40. Ke3 Qg3+ 41. Ke4 Qxd3+ 42. Kxd3 h5 43. g5 Rc1 44. Ne8+ Kf8 45. Nd6 Ra1 46. Kc4 Rxa4 47. Kb5 Ra3 48. Nc8 Ke8 49. Nd6+ Ke7 50. Nc8+ Ke6 51. Nd6 h4 52. Nc8 Rxh3 53. Nxa7 Rb3 54. Nc8 h3 55. Nxb6 h2 56. Nc8 h1=Q 57. Nd6 Qd5+ 58. Kb6 Rxb4+ 59. Kc7 Rc4+ 60. Kb6 Rc6+ 61. Kb7 Qc5 62. Kb8 Qb6+ 63. Ka8 Rc7 64. f5+ Kd5 65. Nc8 Qb7# 0-1


[Site "https://www.chess.com"]

[Event "Titled Tuesday Blitz August 15 Early 2023"]
[White "Manukyan, Sargis V."]
[Black "Thiel, Thomas"]
[WhiteFideId "13303465"]
[BlackFideId "4615964"]
[WhiteElo "2550"]
[BlackElo "2225"]
[Result "1/2-1/2"]
[Round "1"]
[TimeControl "180+1"]
[Date "2023.08.15"]
[WhiteClock "0:00:22"]
[BlackClock "0:00:17"]
[Board "194"]

1. d4 d5 2. c4 dxc4 3. e3 e5 4. Bxc4 Nc6 5. Nf3 e4 6. Nfd2 Qg5 7. O-O Bh3 8. g3 Bxf1 9. Bxf1 f5 10. b3 O-O-O 11. Bb2 Nf6 12. Nc3 h5 13. h4 Qg6 14. Ne2 Bd6 15. Nf4 Bxf4 16. exf4 Nxd4 17. Qc1 Ng4 18. Bxd4 Rxd4 19. Qc3 Rhd8 20. Nc4 Qf6 21. Rc1 Rd1 22. Qc2 Rxc1 23. Qxc1 Qd4 24. Qc2 e3 25. fxe3 Nxe3 26. Qf2 Nxc4 27. Bxc4 Qxf2+ 28. Kxf2 g6 29. Bf7 Rd6 30. Ke3 Kd7 31. Bc4 Ke7 32. b4 Rd1 33. Bb3 Rg1 34. Kf2 Rb1 35. Ke3 Kd6 36. Bf7 Rxb4 37. Bxg6 Ke6 38. Bxh5 Ra4 39. Bd1 Ra3+ 40. Bb3+ Kf6 41. Kd4 Ra5 42. Bc4 b6 43. Bb3 Rc5 44. Bc4 a5 45. a4 Rc6 46. Bd5 Rd6 47. Kc4 Rd7 48. h5 Rg7 49. h6 Rxg3 50. h7 Rh3 51. Bg8 Kg7 52. Be6 Rxh7 53. Bxf5 Rh4 54. Kb5 Rxf4 55. Bd7 Rb4+ 56. Kc6 Rc4+ 57. Kb7 Rc5 58. Bc6 Kf6 59. Kxc7 Ke5 60. Kxb6 Kd6 61. Bb5 Rg5 62. Kxa5 Kc5 63. Ka6 Kb4 64. Kb6 Rg6+ 65. Bc6 Rxc6+ 66. Kxc6 Kxa4 1/2-1/2


[Site "https://www.chess.com"]

[Event "Titled Tuesday Blitz August 15 Early 2023"]
[White "Fernandez Hernandez, Gerardo"]
[Black "Thecourseoisildur"]
[WhiteFideId "2207400"]
[WhiteElo "2223"]
[BlackElo "2550"]
[Result "0-1"]
[Round "1"]
[TimeControl "180+1"]
[Date "2023.08.15"]
[WhiteClock "0:00:03"]
[BlackClock "0:01:16"]
[Board "195"]

1. e4 c5 2. Nc3 Nc6 3. f4 g6 4. Nf3 Bg7 5. a3 e6 6. b4 cxb4 7. axb4 Nxb4 8. Ba3 Nc6 9. Nb5 Bf8 10. Nd6+ Bxd6 11. Bxd6 Nge7 12. Bd3 b6 13. O-O O-O 14. f5 f6 15. g4 Bb7 16. Qe1 Rf7 17. Qh4 Nc8 18. fxg6 hxg6 19. Ba3 Qc7 20. e5 Nxe5 21. Nxe5 Qxe5 22. Bxg6 Qd4+ 23. Rf2 Qxa1+ 24. Rf1 Qd4+ 25. Rf2 Rg7 26. c3 Qa4 27. Bd6 Nxd6 28. Rxf6 Qd1+ 29. Rf1 Qxd2 30. Bf7+ Nxf7 31. Qe7 Rxg4# 0-1


[Site "https://www.chess.com"]

[Event "Titled Tuesday Blitz August 15 Early 2023"]
[White "Sreyas Payyappat"]
[Black "EvgenyBurmakin"]
[WhiteFideId "46674969"]
[WhiteElo "2549"]
[BlackElo "2220"]
[Result "1-0"]
[Round "1"]
[TimeControl "180+1"]
[Date "2023.08.15"]
[WhiteClock "0:01:22"]
[BlackClock "0:00:04"]
[Board "196"]

1. e4 c5 2. Nf3 d6 3. d4 cxd4 4. Nxd4 Nf6 5. Nc3 a6 6. h4 e6 7. g4 Nc6 8. g5 Nd7 9. Be3 Be7 10. f4 Nxd4 11. Qxd4 e5 12. Qd2 exf4 13. Bxf4 Ne5 14. O-O-O Be6 15. Nd5 Bxd5 16. exd5 Ng6 17. Bd3 Nxf4 18. Qxf4 O-O 19. Rde1 Rc8 20. Qe4 Bxg5+ 21. hxg5 Qxg5+ 22. Kb1 g6 23. Reg1 Qd2 24. Qh4 h6 25. Bxg6 fxg6 26. Rxg6+ Kf7 27. Qf6+ Ke8 28. Qe6+ Kd8 29. Qxd6+ Ke8 30. Re6+ Kf7 31. Qe7+ Kg8 32. Rg6+ Kh8 33. Qg7# 1-0


[Site "https://www.chess.com"]

[Event "Titled Tuesday Blitz August 15 Early 2023"]
[White "Schut, Han"]
[Black "Bach Ngoc Thuy Duong"]
[WhiteFideId "1005561"]
[BlackFideId "12408956"]
[WhiteElo "2214"]
[BlackElo "2545"]
[Result "1-0"]
[Round "1"]
[TimeControl "180+1"]
[Date "2023.08.15"]
[WhiteClock "0:00:15"]
[BlackClock "0:00:00"]
[Board "197"]

1. e4 c5 2. Nf3 d6 3. d4 cxd4 4. Nxd4 Nf6 5. f3 e5 6. Bb5+ Bd7 7. Bxd7+ Nbxd7 8. Nf5 d5 9. exd5 Nb6 10. c4 Qc8 11. Ne3 Bc5 12. Nc3 Bxe3 13. Bxe3 Nxc4 14. Qe2 O-O 15. O-O h6 16. Rac1 Nxe3 17. Qxe3 Qd8 18. Qxe5 Qb6+ 19. Kh1 Rfe8 20. Qf5 Qxb2 21. Ne4 Rad8 22. d6 Qe5 23. Nxf6+ Qxf6 24. Qxf6 gxf6 25. Rc7 Rxd6 26. Rxb7 Ra6 27. h4 Rxa2 28. Rd1 1-0


[Site "https://www.chess.com"]

[Event "Titled Tuesday Blitz August 15 Early 2023"]
[White "Postlmayer, Jakob"]
[Black "KSho99"]
[WhiteFideId "1643622"]
[WhiteElo "2545"]
[BlackElo "2212"]
[Result "1-0"]
[Round "1"]
[TimeControl "180+1"]
[Date "2023.08.15"]
[WhiteClock "0:01:38"]
[BlackClock "0:00:00"]
[Board "198"]

1. d4 d5 2. c4 dxc4 3. e3 Nf6 4. Bxc4 e6 5. Nf3 c5 6. O-O a6 7. Nbd2 Nbd7 8. b3 Be7 9. dxc5 Nxc5 10. Bb2 O-O 11. Nd4 e5 12. N4f3 e4 13. Nd4 Bg4 14. Be2 Nd3 15. Bxg4 Nxb2 16. Qe2 Nxg4 17. Qxg4 f5 18. Nxf5 Rxf5 19. Qxf5 Qxd2 20. Qe6+ Kf8 21. Qxe4 Bf6 22. Qxb7 Rd8 23. Rac1 Nd3 24. Rc8 Ne5 25. h3 Rxc8 26. Qxc8+ Kf7 27. Qxa6 Qc3 28. Rd1 Nd3 29. Qxd3 1-0


[Site "https://www.chess.com"]

[Event "Titled Tuesday Blitz August 15 Early 2023"]
[White "Putri, Regita Desyari"]
[Black "Mogirzan, Matei-Valeriu"]
[WhiteFideId "7109083"]
[BlackFideId "1257455"]
[WhiteElo "2206"]
[BlackElo "2542"]
[Result "0-1"]
[Round "1"]
[TimeControl "180+1"]
[Date "2023.08.15"]
[WhiteClock "0:00:46"]
[BlackClock "0:01:09"]
[Board "199"]

1. e4 e5 2. Nf3 Nf6 3. Nxe5 Nc6 4. Nxc6 dxc6 5. Nc3 Bc5 6. d3 Ng4 7. Be3 Nxe3 8. fxe3 Bxe3 9. Qf3 Qg5 10. Be2 Bd2+ 11. Kd1 Bxc3 12. bxc3 Be6 13. c4 O-O-O 14. Ke1 f5 15. e5 f4 16. Qe4 Bf5 17. Qf3 Rhe8 18. h4 Qh6 19. Kd2 Rxe5 20. Raf1 Qe6 21. Rf2 Qxc4 22. Qxf4 Rxe2+ 23. Kxe2 Qxc2+ 24. Qd2 Bxd3+ 25. Kf3 Be4+ 26. Ke3 Rxd2 27. Rxd2 Qc3+ 28. Ke2 Bxg2 29. Rg1 Qf3+ 30. Ke1 Qe3+ 0-1


[Site "https://www.chess.com"]

[Event "Titled Tuesday Blitz August 15 Early 2023"]
[White "Akhmetov, Ayan"]
[Black "Tqebuchava, Zurab"]
[WhiteFideId "13703706"]
[BlackFideId "13601113"]
[WhiteElo "2542"]
[BlackElo "2205"]
[Result "1-0"]
[Round "1"]
[TimeControl "180+1"]
[Date "2023.08.15"]
[WhiteClock "0:00:29"]
[BlackClock "0:00:00"]
[Board "200"]

1. Nf3 g6 2. e4 d6 3. d4 Bg7 4. Nc3 Bg4 5. Be3 Nc6 6. Bb5 a6 7. Bxc6+ bxc6 8. h3 Bd7 9. Qd2 Rb8 10. O-O Nf6 11. b3 O-O 12. Bh6 Qc8 13. Rfe1 Re8 14. Bxg7 Kxg7 15. Qf4 h6 16. Rad1 Be6 17. g4 Rh8 18. d5 Bd7 19. e5 Nxd5 20. Nxd5 cxd5 21. exd6 cxd6 22. Rxe7 Be6 23. Nd4 Rf8 24. Nxe6+ Kg8 25. Qf6 1-0


[Site "https://www.chess.com"]

[Event "Titled Tuesday Blitz August 15 Early 2023"]
[White "Feliz Dotel, Dewar Bienvenido"]
[Black "Al-Tarboush, Ward"]
[WhiteFideId "6402801"]
[BlackFideId "7601450"]
[WhiteElo "2203"]
[BlackElo "2541"]
[Result "0-1"]
[Round "1"]
[TimeControl "180+1"]
[Date "2023.08.15"]
[WhiteClock "0:00:02"]
[BlackClock "0:01:44"]
[Board "201"]

1. d4 Nf6 2. e3 c5 3. dxc5 e6 4. Nf3 Bxc5 5. c4 O-O 6. a3 d5 7. cxd5 Nxd5 8. b4 Be7 9. Bb2 Bf6 10. Bxf6 Qxf6 11. Ra2 Nc6 12. Be2 Rd8 13. Qb3 e5 14. Qb2 Be6 15. Ra1 Qg6 16. O-O Bh3 17. Ne1 e4 18. Kh1 Bf5 19. Nc3 Nxc3 20. Qxc3 Rac8 21. Qb2 h5 22. Rc1 h4 23. b5 Ne7 24. Nc2 h3 25. g3 Bg4 26. Nd4 Rxc1 27. Rxc1 Nf5 28. Bxg4 Qxg4 29. Qe2 Qg6 30. Nxf5 Qxf5 31. Kg1 b6 32. Rd1 Rc8 33. g4 Qg5 34. f3 exf3 35. Qxf3 Qxb5 36. Qxh3 Qe2 37. Rf1 Rc3 38. Qf3 Qxe3+ 39. Qxe3 Rxe3 40. Ra1 Re4 41. h3 Ra4 42. Kf2 b5 43. Rb1 a6 44. Rb3 Rf4+ 45. Kg3 g5 46. h4 f6 47. hxg5 fxg5 48. Rd3 Ra4 49. Kg2 Kf7 50. Rd5 Rxg4+ 51. Kf3 Rf4+ 52. Kg3 Ra4 53. Rxg5 Rxa3+ 54. Kf4 Ke6 55. Ke4 Ra4+ 56. Kd3 b4 57. Kc4 a5 58. Kb3 Ra3+ 59. Kb2 Kd6 60. Rb5 Kc6 61. Rh5 Kb6 62. Rg5 Rh3 63. Rf5 Rc3 64. Rg5 Rc5 65. Rg6+ Kb5 66. Rg8 a4 67. Rb8+ Kc4 68. Ra8 a3+ 69. Ka2 Kc3 70. Rh8 b3+ 71. Kb1 a2+ 72. Ka1 Kb4 73. Rh4+ Rc4 74. Rh2 Rc1+ 75. Kb2 Rb1# 0-1


[Site "https://www.chess.com"]

[Event "Titled Tuesday Blitz August 15 Early 2023"]
[White "Plotnikov, Pavel"]
[Black "le-castor-faineant"]
[WhiteFideId "4170342"]
[WhiteElo "2541"]
[BlackElo "2170"]
[Result "1-0"]
[Round "1"]
[TimeControl "180+1"]
[Date "2023.08.15"]
[WhiteClock "0:00:24"]
[BlackClock "0:00:05"]
[Board "202"]

1. d4 Nf6 2. Nf3 g6 3. g3 Bg7 4. Bg2 O-O 5. O-O c5 6. c3 cxd4 7. cxd4 d5 8. Nc3 Nc6 9. Ne5 Bf5 10. Nxc6 bxc6 11. Bf4 Rc8 12. Rc1 Nd7 13. Na4 e5 14. dxe5 Nxe5 15. Nc5 Qe7 16. b3 Rfe8 17. Qd2 Ng4 18. Rfe1 Nf6 19. Qa5 Ne4 20. Nxe4 Bxe4 21. Bxe4 Qxe4 22. Qxa7 Ra8 23. Qc5 Rxa2 24. Qxc6 Rxe2 25. Rxe2 Qxe2 26. Qxd5 Bb2 27. Rb1 Qc2 28. Qd1 Re2 29. Qxc2 Rxc2 30. b4 Bd4 31. Be3 Bxe3 32. fxe3 Kf8 33. b5 Ke8 34. b6 Rc8 35. Kf2 Kd7 36. Kf3 Rb8 37. b7 Kc7 38. Kf4 f6 39. e4 Rxb7 40. Rxb7+ Kxb7 41. e5 f5 42. Kg5 Kc7 43. Kf6 Kd7 44. Kf7 g5 45. e6+ Kd6 46. e7 f4 47. e8=Q fxg3 48. Qe6+ 1-0


[Site "https://www.chess.com"]

[Event "Titled Tuesday Blitz August 15 Early 2023"]
[White "Cueto, Jonny"]
[Black "Toncheva, Nadya"]
[WhiteFideId "3300145"]
[BlackFideId "2924056"]
[WhiteElo "2169"]
[BlackElo "2541"]
[Result "0-1"]
[Round "1"]
[TimeControl "180+1"]
[Date "2023.08.15"]
[WhiteClock "0:00:18"]
[BlackClock "0:00:19"]
[Board "203"]

1. d4 Nf6 2. Bf4 d6 3. Nc3 Nbd7 4. Nf3 g6 5. e4 Bg7 6. Qd2 c6 7. O-O-O b5 8. e5 b4 9. exf6 bxc3 10. Qxc3 Nxf6 11. Qxc6+ Bd7 12. Qc3 Nd5 13. Qd2 Qb6 14. Bc4 Rb8 15. b3 Nxf4 16. Qxf4 O-O 17. Ng5 e6 18. Rhe1 Qa5 19. Kb1 d5 20. Bd3 Qc3 21. Nf3 a5 22. Qd2 Bxd4 23. Nxd4 Qxd4 24. Qxa5 Ra8 25. Qc7 Rxa2 26. c3 Qxf2 27. Be2 Rxe2 28. Rxe2 Qxe2 29. Rc1 Bb5 30. c4 dxc4 31. bxc4 Ra8 32. Rc2 Qd1+ 33. Kb2 Qa1+ 34. Kb3 Qa3# 0-1


[Site "https://www.chess.com"]

[Event "Titled Tuesday Blitz August 15 Early 2023"]
[White "Yelisieiev, Yevhenii"]
[Black "Quispe Santacruz, Javier"]
[WhiteFideId "14139642"]
[BlackFideId "3800920"]
[WhiteElo "2540"]
[BlackElo "2165"]
[Result "1-0"]
[Round "1"]
[TimeControl "180+1"]
[Date "2023.08.15"]
[WhiteClock "0:00:37"]
[BlackClock "0:00:00"]
[Board "204"]

1. d4 d5 2. Nf3 Nf6 3. c4 c6 4. Nc3 dxc4 5. a4 Bf5 6. e3 e6 7. Bxc4 Bb4 8. O-O Nbd7 9. Qe2 O-O 10. e4 Bg4 11. Rd1 Qe7 12. e5 Nd5 13. Ne4 h6 14. h3 Bh5 15. Bd3 Rac8 16. Ng3 Bg6 17. Bxg6 fxg6 18. Qe4 Qf7 19. Rf1 c5 20. Ne2 Qf5 21. Qxf5 gxf5 22. dxc5 Bxc5 23. Ned4 Rfe8 24. Rd1 Kf7 25. Nxf5 exf5 26. Rxd5 Ke6 27. Rd1 g5 28. b4 Bb6 29. Rd6+ Ke7 30. Rxh6 Rc2 31. Bxg5+ Kf7 32. Rh7+ Ke6 33. Rd1 Bxf2+ 34. Kh2 Nxe5 35. Rh6+ 1-0


[Site "https://www.chess.com"]

[Event "Titled Tuesday Blitz August 15 Early 2023"]
[White "Tharushi, T H D Niklesha"]
[Black "Eynullayev, Altay"]
[WhiteFideId "9918264"]
[BlackFideId "13413562"]
[WhiteElo "2162"]
[BlackElo "2539"]
[Result "0-1"]
[Round "1"]
[TimeControl "180+1"]
[Date "2023.08.15"]
[WhiteClock "0:00:15"]
[BlackClock "0:00:23"]
[Board "205"]

1. e4 c5 2. Nf3 d6 3. Bb5+ Nc6 4. d4 cxd4 5. Qxd4 a6 6. Bxc6+ bxc6 7. c4 e5 8. Qd3 Be7 9. Nc3 Qc7 10. O-O Be6 11. Be3 Nf6 12. h3 O-O 13. Rad1 Rfd8 14. b3 Qb8 15. Ne2 d5 16. exd5 cxd5 17. cxd5 Bxd5 18. Qf5 Qc8 19. Qxc8 Raxc8 20. Nxe5 Rc2 21. Nd4 Rxa2 22. Ndc6 Bxc6 23. Nxc6 Rxd1 24. Rxd1 Kf8 25. g4 h6 26. Re1 Bd6 27. Rd1 Ne8 28. Kf1 Rb2 29. b4 Rc2 30. Nd4 Rc4 31. b5 axb5 32. Nxb5 Be7 33. Ke2 h5 34. Kf3 Nf6 35. g5 Ne8 36. Rd4 Rc5 37. Rb4 Rf5+ 38. Ke4 Rxb5 39. Rxb5 Nd6+ 40. Kd5 Nxb5 41. Bf4 Nc3+ 42. Kd4 Nd1 43. Bg3 Bxg5 44. Kd3 h4 45. Be5 Nxf2+ 46. Ke2 Nxh3 47. Kf3 Bf6 48. Bd6+ Kg8 49. Kg4 Ng5 50. Kxh4 Ne4+ 51. Kg4 Nxd6 0-1


[Site "https://www.chess.com"]

[Event "Titled Tuesday Blitz August 15 Early 2023"]
[White "Arutla, Aditya"]
[Black "campochess"]
[WhiteFideId "30961998"]
[WhiteElo "2539"]
[BlackElo "2161"]
[Result "1-0"]
[Round "1"]
[TimeControl "180+1"]
[Date "2023.08.15"]
[WhiteClock "0:00:27"]
[BlackClock "0:00:00"]
[Board "206"]

1. d4 Nf6 2. Bf4 c5 3. d5 d6 4. Nc3 g6 5. Nf3 Bg7 6. e4 Nfd7 7. Be2 O-O 8. O-O a6 9. a4 Re8 10. Qd2 Nf8 11. Rfd1 Nbd7 12. h4 h5 13. Qe1 Qb6 14. Rdb1 Nf6 15. a5 Qc7 16. Nd2 Ng4 17. Nc4 Nh7 18. Nb6 Rb8 19. Nca4 Bd7 20. Nxd7 Qxd7 21. Nb6 Qd8 22. Ra3 Ne5 23. Qd2 Nf6 24. f3 Nfd7 25. Rb3 Nxb6 26. Rxb6 Nd7 27. Rb3 b5 28. axb6 Rxb6 29. Rxb6 Qxb6 30. Qd3 c4+ 31. Be3 cxd3 32. Bxb6 dxe2 33. Be3 Rc8 34. c3 Ne5 35. Kf2 Rb8 36. Kxe2 Nc4 37. Bc1 a5 38. Kd3 Ne5+ 39. Ke2 a4 40. Ra1 Nc4 41. Rxa4 Nxb2 42. Rb4 Rxb4 43. cxb4 Na4 44. Kd3 Kf8 45. Kc4 1-0


[Site "https://www.chess.com"]

[Event "Titled Tuesday Blitz August 15 Early 2023"]
[White "Pert, Nina"]
[Black "Camilla_Lee"]
[WhiteFideId "456853"]
[WhiteElo "2152"]
[BlackElo "2538"]
[Result "1-0"]
[Round "1"]
[TimeControl "180+1"]
[Date "2023.08.15"]
[WhiteClock "0:01:54"]
[BlackClock "0:02:00"]
[Board "207"]

1. e4 e5 2. Nf3 Nc6 3. Bc4 Nf6 4. d3 Be7 5. O-O d6 6. h3 O-O 7. c3 Na5 8. Bb5 a6 9. Ba4 b5 10. Bc2 c5 11. Re1 Qc7 12. Nbd2 Nc6 13. Nf1 d5 14. exd5 Nxd5 15. d4 cxd4 16. cxd4 exd4 17. Nxd4 Nxd4 18. Qxd4 Qxc2 19. Qxd5 Be6 20. Qf3 Bf6 21. Ne3 Qc5 22. Rb1 Bxa2 23. Ra1 Be6 24. b4 Qxb4 25. Ba3 Qa4 26. Bxf8 Bxa1 27. Qxa8 h6 28. Ba3+ Kh7 29. Rxa1 b4 30. Bb2 Qb3 31. Qe4+ g6 32. Qe5 1-0


[Site "https://www.chess.com"]

[Event "Titled Tuesday Blitz August 15 Early 2023"]
[White "Grebeniuk, Semen"]
[Black "Johnson, Ben"]
[WhiteFideId "14117509"]
[BlackFideId "2010917"]
[WhiteElo "2538"]
[BlackElo "2138"]
[Result "1-0"]
[Round "1"]
[TimeControl "180+1"]
[Date "2023.08.15"]
[WhiteClock "0:00:12"]
[BlackClock "0:00:11"]
[Board "208"]

1. d4 Nf6 2. Nf3 e6 3. Bg5 d5 4. Nbd2 c5 5. e3 Nc6 6. c3 Be7 7. Bd3 b6 8. Ne5 Nxe5 9. dxe5 Nd7 10. Bf4 Qc7 11. Nf3 h6 12. h4 Bb7 13. O-O O-O-O 14. Qa4 Kb8 15. Bg3 g5 16. h5 g4 17. Qxg4 Rhg8 18. Qf4 Rdf8 19. Rfd1 Bg5 20. Nxg5 Rxg5 21. Qh4 Rfg8 22. Be2 Nxe5 23. Kf1 f6 24. Qh3 Qf7 25. a4 Bc6 26. a5 b5 27. b4 c4 28. Rd4 a6 29. Ke1 Kb7 30. Kd2 Be8 31. Kc2 Nc6 32. Rd2 Qg7 33. Rad1 Rxg3 34. fxg3 Qxg3 35. Qxg3 Rxg3 36. Bf3 Ne5 37. Rf1 Rg5 38. Rdf2 f5 39. Rh1 Nxf3 40. gxf3 Bxh5 41. f4 Rg3 42. Rxh5 Rxe3 43. Rxh6 Kc6 44. Rh1 Kd6 45. Rh7 Re4 46. Ra7 Re3 47. Rxa6+ Ke7 48. Rb6 1-0


[Site "https://www.chess.com"]

[Event "Titled Tuesday Blitz August 15 Early 2023"]
[White "Aung Thant Zin"]
[Black "Jaskolka, Tomasz"]
[WhiteFideId "13000063"]
[BlackFideId "1170791"]
[WhiteElo "2137"]
[BlackElo "2538"]
[Result "0-1"]
[Round "1"]
[TimeControl "180+1"]
[Date "2023.08.15"]
[WhiteClock "0:00:20"]
[BlackClock "0:00:18"]
[Board "209"]

1. e4 d5 2. exd5 Nf6 3. Nc3 Nxd5 4. d4 Nxc3 5. bxc3 g6 6. Nf3 Bg7 7. Be2 O-O 8. O-O c5 9. Be3 Qa5 10. Qd2 Nc6 11. Bh6 cxd4 12. Bxg7 Kxg7 13. Nxd4 Rd8 14. Qe3 Qe5 15. Qxe5+ Nxe5 16. f4 Nc6 17. Nxc6 bxc6 18. Bf3 Ba6 19. Rfd1 Kf6 20. Kf2 e6 21. Ke3 Rac8 22. Rab1 Bb5 23. Rd4 Ke7 24. Rbb4 a5 25. Rb1 Rxd4 26. cxd4 Rc7 27. Be4 Kd6 28. c3 Bc4 29. a3 Ke7 30. Rb6 Bd5 31. c4 Bxe4 32. Kxe4 f5+ 33. Ke5 h6 34. g3 g5 35. h4 gxh4 36. gxh4 Kd7 37. Kf6 Kd6 38. Ra6 Rc8 39. Rxa5 Rg8 40. h5 Rg4 41. Ra8 Rxf4 42. Rd8+ Kc7 43. Re8 Rxd4 44. Rxe6 f4 45. Kg6 Rd6 46. Rxd6 Kxd6 47. Kxh6 f3 48. Kg7 f2 49. h6 f1=Q 50. h7 Qg2+ 51. Kf8 Qf3+ 52. Kg7 Qg4+ 53. Kf8 Qf5+ 54. Kg7 Qg5+ 55. Kf7 Qh6 56. Kg8 Qg6+ 57. Kh8 Qf7 58. a4 Qf8# 0-1


[Site "https://www.chess.com"]